 Dungeon Crawl Stone Soup version 0.20.1-1-g8b1a95d (webtiles) character file.

11732 ANON1729 the Carver (level 11, -1/100 (101) HPs)
             Began as a Minotaur Fighter on Aug 6, 2017.
             Was a High Priest of Okawaru.
             Killed by divine providence
             ... invoked by an orc priest
              (11 damage)
             ... on level 12 of the Dungeon.
             The game lasted 00:22:26 (11360 turns).

ANON1729 the Carver (Minotaur Fighter)             Turns: 11360, Time: 00:22:26

HP:   -1/100 (101)  AC: 13    Str: 25    XL:     11   Next: 53%
MP:   9/11          EV: 19    Int:  5    God:    Okawaru [*****.]
Gold: 228           SH: 15    Dex: 16    Spells: 10/10 levels left

rFire    + . .     SeeInvis .   a - +0 long sword
rCold    + + +     Gourm    .   c - +0 shield
rNeg     + + .     Faith    .   b - +0 scale mail
rPois    .         Spirit   .   (helmet restricted)
rElec    +         Reflect  .   M - scarf of Dishonesty {Dex+7}
rCorr    .         Harm     .   (no gloves)
MR       .....                  H - +1 pair of boots of Resourcefulness {*Corrode rElec rC+++ rN++}
Stlth    ++........             p - amulet of regeneration
Regen    0.7/turn               E - ring of protection from fire
MPRegen  0.2/turn               t - +3 ring of slaying

@: heroism
A: retaliatory headbutt, horns 2, repulsion field 1, rugged brown scales 1
a: Heroism, Finesse, Renounce Religion


You were on level 12 of the Dungeon.
You worshipped Okawaru.
Okawaru was extremely pleased with you.
You were hungry.

You visited 2 branches of the dungeon, and saw 13 of its levels.

You collected 464 gold pieces.
You spent 236 gold pieces at shops.

Inventory:

Hand Weapons
 a - a +0 long sword (weapon)
Armour
 b - a +0 scale mail (worn)
 c - a +0 shield (worn)
 H - the +1 pair of boots of Resourcefulness (worn) {*Corrode rElec rC+++ rN++}
   (You found it on level 7 of the Dungeon)

   It renders you almost immune to cold.
   It insulates you from electricity.
   It greatly protects you from negative energy.
   It may corrode you when you take damage.
 M - the scarf of Dishonesty (worn) {Dex+7}
   (Okawaru gifted it to you on level 10 of the Dungeon)

   It affects your dexterity (+7).
Jewellery
 i - an uncursed amulet of the gourmand
 p - an amulet of regeneration (around neck)
 s - an uncursed ring of see invisible
 t - a +3 ring of slaying (right hand)
 E - a ring of protection from fire (left hand)
 F - an uncursed ring of fire
 J - a +2 ring of dexterity
Wands
 D - a wand of iceblast (5/15)
 K - a wand of flame (9/48)
 N - a wand of confusion (27/48)
Scrolls
 e - 10 scrolls of teleportation
 n - 2 scrolls of enchant weapon
 o - 2 scrolls of remove curse
 u - a scroll of amnesia
 v - 2 scrolls of fog {unknown}
 y - a scroll of immolation {unknown}
 A - 7 scrolls of identify
 G - a scroll of recharging {unknown}
 P - a scroll of fear {unknown}
Potions
 d - 3 potions of might
 g - 2 potions of degeneration
 l - 4 potions of haste
 m - a potion of magic
 q - 4 potions of curing
 r - a potion of resistance
 w - a potion of berserk rage {unknown}
 x - 4 potions of mutation
 B - a potion of invisibility {unknown}
 C - a potion of heal wounds {unknown}
 I - a potion of flight {unknown}
 L - a potion of lignification
Books
 k - a book of Debilitation

   Spells                             Type                      Level
   a - Corona                         Hexes                        1
   b - Slow                           Hexes                        2
   c - Inner Flame                    Hexes/Fire                   3
   d - Portal Projectile              Hexes/Translocation          3
   e - Cause Fear                     Hexes                        4
   f - Leda's Liquefaction            Hexes/Earth                  4
 R - a book of the Earth

   Spells                             Type                      Level
   a - Leda's Liquefaction            Hexes/Earth                  4
   b - Bolt of Magma                  Conjuration/Fire/Earth       5
   c - Statue Form                    Transmutation/Earth          6
   d - Iron Shot                      Conjuration/Earth            6
   e - Shatter                        Earth                        9
Miscellaneous
 Q - a sack of spiders
Comestibles
 f - 6 bread rations
 h - 7 royal jellies
 j - 7 fruits
 z - 3 meat rations


   Skills:
 + Level 9.7(14.7) Fighting
 + Level 13.1(18.1) Long Blades
 + Level 9.4(14.4) Armour
 + Level 4.6(9.6) Dodging
 + Level 1.6(6.6) Stealth
 - Level 11.2(16.2) Shields
 + Level 1.5 Invocations
 + Level 0.1 Evocations


You had 10 spell levels left.
You didn't know any spells.

Dungeon Overview and Level Annotations

Branches:
Dungeon (12/15)            Temple (1/1) D:5            Lair (0/6) D:10
    Orc (0/2) D:12

Altars:
Ashenzari
Dithmenos
Fedhas
Kikubaaqudgha
Okawaru
Ru
The Shining One

Shops:
D:5 ?   D:7 !   D:8 ?   D:10 [


Innate Abilities, Weirdness & Mutations

You reflexively headbutt those who attack you in melee.
You have a pair of horns on your head.
You are surrounded by a mild repulsion field. (EV +2)
You are partially covered in rugged brown scales. (AC +1, +3% HP)


Message History

You hit the yak. You headbutt the yak!
The yak is heavily wounded.
The orc priest casts a cantrip, but nothing happens.
The yak gores you!
* * * LOW HITPOINT WARNING * * *
The orc warrior hits you with a long sword.
* * * LOW HITPOINT WARNING * * *
The yak closely misses you.
You hit the yak.
The yak is heavily wounded.
The orc warrior hits you with a hand axe!
* * * LOW HITPOINT WARNING * * *
The orc priest calls upon Beogh to heal the orc.
The orc is healed somewhat.
Unknown command.
You closely miss the yak.
The yak is heavily wounded.
The orc priest mumbles some strange prayers to Beogh against the orc warrior.
Beogh smites you!
You die... .. #....## ' #. #...<. . #o #. #.... .. #oo

#. #... ... oo
#o #..##....
#o#o##.....#..
#ooo#........
#o8@Yo.......
#..Y#........
#####........
.........
.........
..........
..........
...........


You could see 2 yaks, 3 orc warriors, 2 orc priests, an orc wizard and 7 orcs.

Vanquished Creatures
  2 two-headed ogres
  The ghost of Necrophagist the Cleaver, a novice HOFi (D:6)
  2 gargoyles
  A centaur skeleton (D:10)
  2 trolls
  4 hippogriffs
  A wyvern (D:12)
  2 basilisks (D:10)
  8 yaks
  Grum (D:8)
  A hungry ghost (D:9)
  An acid dragon (D:9)
  A water moccasin (D:9)
  Duvessa (D:7)
  6 orc warriors
  4 sky beasts
  4 ice beasts
  A black bear (D:6)
  An eye of draining (D:11)
  2 phantoms
  4 wolves (D:8)
  A necrophage (D:11)
  9 ogres
  5 centaurs
  A big kobold (D:7)
  4 bullfrogs
  Dowan (D:7)
  2 scorpions
  4 killer bees (D:11)
  7 wights
  A howler monkey (D:6)
  4 crimson imps
  2 bullfrog zombies
  A quasit (D:9)
  4 orc priests
  12 orc wizards
  A jelly (D:7)
  6 bullfrog skeletons
  2 hounds (D:11)
  An iguana (D:8)
  8 worker ants
  5 hound skeletons
  3 worker ant zombies
  15 adders
  4 gnolls (D:2)
  4 river rats (D:5)
  A shadow imp (D:8)
  3 oozes
  2 worms
  10 leopard geckos
  43 orcs
  4 ball pythons
  5 giant cockroaches
  6 goblins
  5 hobgoblins
  8 jackals
  2 quokkas
  4 bats
  5 frilled lizards
  6 kobolds
  27 rats
288 creatures vanquished.

Notes
Turn   | Place    | Note
-------+----------+-------------------------------------------
     0 | D:1      | ANON1729 the Minotaur Fighter began the quest for the Orb.
     0 | D:1      | Reached XP level 1. HP: 19/19 MP: 0/0
   123 | D:1      | Reached XP level 2. HP: 25/27 MP: 1/1
   447 | D:1      | Reached XP level 3. HP: 32/33 MP: 2/2
   971 | D:2      | Reached skill level 3 in Long Blades
   993 | D:2      | Reached XP level 4. HP: 13/40 MP: 3/3
  1376 | D:2      | Reached skill level 4 in Long Blades
  2121 | D:3      | You fall through a shaft for 2 floors!
  2121 | D:5      | Entered Level 5 of the Dungeon
  2133 | D:5      | Reached skill level 1 in Dodging
  2133 | D:5      | Reached XP level 5. HP: 47/47 MP: 4/4
  2198 | D:5      | Found a staircase to the Ecumenical Temple.
  2212 | Temple   | Entered the Ecumenical Temple
  2216 | Temple   | Became a worshipper of Warmaster Okawaru
  2279 | D:5      | Noticed a sky beast
  2320 | D:5      | Killed a sky beast
  2320 | D:5      | Reached skill level 5 in Long Blades
  2320 | D:5      | Reached skill level 5 in Shields
  2320 | D:5      | Reached XP level 6. HP: 11/53 MP: 5/5
  2417 | D:5      | Found Bir Qugh's Magic Scroll Boutique.
  2432 | D:5      | Bought a scroll of identify for 24 gold pieces
  2432 | D:5      | Bought a scroll of teleportation for 36 gold pieces
  2517 | D:5      | Reached skill level 5 in Armour
  2542 | D:5      | Found a glowing drain.
  3239 | D:5      | Reached skill level 5 in Fighting
  3284 | D:5      | Found a blossoming altar of Fedhas.
  3500 | D:5      | Reached * piety under Okawaru
  3790 | D:6      | Reached XP level 7. HP: 54/61 MP: 6/6
  4002 | D:6      | Reached skill level 6 in Long Blades
  4298 | D:6      | Gained mutation: You are surrounded by a mild repulsion field. (EV +2) [mutagenic meat]
  4299 | D:6      | Gained mutation: You are robust. (+10% HP) [mutagenic meat]
  4300 | D:6      | Lost mutation: You are robust. (+10% HP) [mutagenic meat]
  4302 | D:6      | Gained mutation: You are partially covered in rugged brown scales. (AC +1, +3% HP) [mutagenic meat]
  4340 | D:6      | Noticed Necrophagist's ghost (novice HOFi)
  4847 | D:4      | Reached ** piety under Okawaru
  4847 | D:4      | Reached XP level 8. HP: 53/72 MP: 7/7
  5774 | D:6      | Reached skill level 7 in Long Blades
  5796 | D:6      | Killed Necrophagist's ghost
  5796 | D:6      | Reached skill level 8 in Long Blades
  5796 | D:6      | Reached skill level 1 in Stealth
  6006 | D:6      | Reached *** piety under Okawaru
  6008 | D:6      | Reached XP level 9. HP: 77/80 MP: 8/8
  6837 | D:7      | Reached skill level 9 in Long Blades
  6956 | D:7      | Noticed Duvessa
  6957 | D:7      | Noticed Dowan
  6969 | D:7      | Killed Duvessa
  6994 | D:7      | Killed Dowan
  7061 | D:7      | Found a sacrificial altar of Ru.
  7098 | D:7      | Reached **** piety under Okawaru
  7123 | D:7      | Found Cahutiawk's Distillery.
  7127 | D:7      | Bought 2 potions of mutation for 176 gold pieces
  7382 | D:7      | Reached skill level 10 in Long Blades
  7529 | D:7      | Got a pair of encrusted boots
  7535 | D:7      | Identified the +1 pair of boots of Resourcefulness {*Corrode rElec rC+++ rN++} (You found it on level 7 of the Dungeon)
  7782 | D:8      | Found an ancient bone altar of Kikubaaqudgha.
  7794 | D:8      | Found Kaukeutz's Magic Scroll Shoppe.
  7843 | D:8      | Noticed Grum
  7854 | D:8      | Reached XP level 10. HP: 68/88 MP: 9/9
  7859 | D:8      | Killed Grum
  7884 | D:8      | Found a shattered altar of Ashenzari.
  8066 | D:8      | Reached ***** piety under Okawaru
  8349 | D:9      | Reached skill level 11 in Long Blades
  8700 | D:9      | Noticed a two-headed ogre
  8717 | D:9      | Killed a two-headed ogre
  8717 | D:9      | Reached skill level 1 in Invocations
  8990 | D:9      | Reached skill level 10 in Shields
  9043 | D:9      | Found a shadowy altar of Dithmenos.
  9647 | D:10     | Entered Level 10 of the Dungeon
  9765 | D:10     | Found a staircase to the Lair.
  9808 | D:10     | Received a gift from Okawaru
  9812 | D:10     | Reached skill level 12 in Long Blades
  9823 | D:10     | Got a crude scarf {god gift}
  9877 | D:10     | Identified the scarf of Dishonesty {Dex+7} (Okawaru gifted it to you on level 10 of the Dungeon)
 10072 | D:10     | Found Ciupo's Antique Armour Emporium.
 10081 | D:10     | Noticed a gargoyle
 10095 | D:10     | Killed a gargoyle
 10095 | D:10     | Reached XP level 11. HP: 90/97 MP: 11/11
 10187 | D:10     | Noticed a two-headed ogre
 10195 | D:10     | Killed a two-headed ogre
 11330 | D:12     | Found a staircase to the Orcish Mines.
 11346 | D:12     | Reached skill level 13 in Long Blades
 11360 | D:12     | Killed from afar by an orc priest

Skill      XL: |  1  2  3  4  5  6  7  8  9 10 11 |
---------------+----------------------------------+-----
Shields        | 4 5 6 7 9 10 11 | 11.2
Fighting       | 4 5 6 7 8 9 |  9.7
Long Blades    | 3 4 5 6 8 10 12 13 | 13.1
Armour         | 4 5 6 7 8 9 |  9.4
Dodging        | 1 2 3 4 |  4.6
Stealth        | 1 |  1.6
Invocations    | 1 |  1.5
Evocations     | |  0.1

Action                   |  1- 3 |  4- 6 |  7- 9 | 10-12 || total
-------------------------+-------+-------+-------+-------++-------
Melee: Long sword        |    76 |   215 |   302 |   369 ||   962
       Headbutt          |     9 |    29 |    65 |   109 ||   212
Invok: Heroism           |       |       |     1 |     5 ||     6
       Finesse           |       |       |       |     1 ||     1
Evoke: Wand              |       |       |       |     1 ||     1
  Use: Scroll            |       |     8 |       |       ||     8
       Potion            |       |     2 |       |       ||     2
 Stab: Paralysed         |       |       |     1 |       ||     1
  Eat: Chunk             |    12 |    10 |    21 |     8 ||    51
Armor: Scale mail        |    40 |    92 |    68 |    89 ||   289
       Skin              |       |     3 |       |       ||     3
Dodge: Dodged            |    25 |    52 |   123 |   166 ||   366
Block: Shield            |    47 |   122 |   184 |   207 ||   560
       Rpst.: Long sword |     4 |    12 |    31 |    35 ||    82
